 Dungeon Crawl Stone Soup version 0.31-a0-466-g98c9adc2b6 (webtiles) character file.

Game seed: 5586909488743295837

42 Ethylacetat the Insei (level 3, 0/20 HPs)
             Began as a Vine Stalker Monk on Aug 4, 2023.
             Succumbed to an adder's poison
             ... on level 2 of the Dungeon.
             The game lasted 00:01:09 (894 turns).

Ethylacetat the Insei (Vine Stalker Monk)            Turns: 894, Time: 00:01:10

Health: 0/20       AC:  2    Str: 13    XL:     3   Next: 54%
Magic:  4/5        EV: 13    Int: 10    God:
Gold:   65         SH:  0    Dex: 18    Spells: 4/4 levels left

rFire   . .          .
                       - Unarmed
rCold   . . .        c - orb {light}
rNeg    . . .        a - +0 robe
rPois   .            (no helmet)
rElec   .            (no cloak)
rCorr   .            (no gloves)
SInv    .            (no boots)
Will    .....        (no amulet)
Stlth   +            (no ring)
HPRegen 0.23/turn    (no ring)
MPRegen 0.09/turn

%: guardian spirit
@: confused, brilliant, lethally poisoned (0 -> -6), ambrosia-drunk, glowing
A: fangs 2, magic shield, antimagic bite, no potion heal 2
a: no special abilities


You were on level 2 of the Dungeon.
You visited 1 branch of the dungeon, and saw 2 of its levels.

You collected 65 gold pieces.

Inventory:

Armour
 a - a +0 robe (worn)
 c - an orb of light (worn)
Scrolls
 d - 4 scrolls of identify {unknown}
 e - a scroll of summoning {unknown}
 f - a scroll of vulnerability {unknown}
 h - a scroll of teleportation {unknown}
 i - a scroll of amnesia {unknown}
 j - a scroll of immolation {unknown}


   Skills:
 + Level 3.1 Fighting
 - Level 2.4 Dodging
 * Level 3.8 Unarmed Combat
 + Level 1.2 Spellcasting


You had 4 spell levels left.
You didn't know any spells.
Your spell library was empty.

Dungeon Overview and Level Annotations

Branches:
Dungeon (2/15)

Altars:


Innate Abilities, Weirdness & Mutations

You have extremely sharp teeth.
When hurt, damage is shared between your health and your magic reserves.
Your bite disrupts and absorbs the magic of your enemies.
Potions cannot restore your health.


Message History

The goblin is severely wounded.
The goblin barely misses you. The quokka completely misses you.
The adder closely misses you.
You hit the goblin.
You kill the goblin!
The adder bites you. The quokka misses you.
You barely miss the adder. You bite the adder, but do no damage.
The adder misses you. The adder bites you. The quokka bites you.
You hit the adder.
The adder is lightly wounded.
The adder bites you. x2; The quokka closely misses you.
The adder bites you but does no damage.
You hit the adder.
The adder is moderately wounded.
The adder bites you.
You are poisoned.
The adder poisons you! The quokka bites you. The adder misses you.
You are too injured to fight recklessly!
You are too injured to fight recklessly!
Unknown command.
It was a potion of brilliance.
You feel clever all of a sudden.
You feel sick. The adder closely misses you. The quokka bites you.
* * * LOW HITPOINT WARNING * * *
The adder bites you.
* * * LOW HITPOINT WARNING * * *
A worm comes into view.
The frilled lizard closely misses you. The adder bites you.
* * * LOW HITPOINT WARNING * * *
You hit the adder. You bite the adder. You drain its power.
You feel invigorated.
The adder is almost dead.
* * * LOW HITPOINT WARNING * * *
You feel sick. The adder barely misses you. The quokka barely misses you.
The adder bites you.
You are more poisoned.
The adder poisons you! The frilled lizard bites you.
You are confused.
Your system rejects the healing.
You feel invigorated.
You die...

... #.# #. #.# #.#
#.# #.. ######.## #..
# #.......# ?.####w#
#.####..# ..... . #.
#..# #SS####.#
#.####..# #@r....##
...##..# #.l......
#.#...#######......##
#...........†#.#♣.♣#
#<#....#####.#.# #
#........#####.#.#
######.####......#
#.# #.##...#♣ ##+##
#.#.....#


You could see a worm, 2 adders, a quokka and a frilled lizard.

Vanquished Creatures
  A worm (D:2)
  A dart slug (D:1)
  2 bats
  3 endoplasms (D:1)
  3 giant cockroaches (D:1)
  8 goblins
  3 hobgoblins (D:1)
  5 ball pythons (D:1)
  2 frilled lizards (D:1)
  2 kobolds (D:1)
  2 rats (D:1)
32 creatures vanquished.

Notes
Turn   | Place    | Note
-------+----------+-------------------------------------------
     0 | D:1      | Ethylacetat the Vine Stalker Monk began the quest for the
                  | Orb.
     0 | D:1      | Reached XP level 1. HP: 11/11 MP: 2/2
    37 | D:1      | You fall into a shaft and drop 1 floor!
   125 | D:1      | Reached XP level 2. HP: 16/16 MP: 3/3
   384 | D:1      | Reached skill level 1 in Spellcasting
   458 | D:1      | Reached XP level 3. HP: 16/20 MP: 1/5
   894 | D:2      | Succumbed to an adder's poison

Illustrated notes

Levels and vault maps discovered:
D:1:      dpeg_arrival_line_fractal, layout_basic, serial_bayou_pond_b,
          kennysheep_minor_cross, dk_noncrumbling_2
D:2:      layout_loops_corners, serial_forest, infiniplex_forest_clump_small,
          infiniplex_forest_lined_3, infiniplex_forest_corner_1,
          infiniplex_forest_end_2, infiniplex_forest_corner_2,
          infiniplex_forest_clump_small, infiniplex_forest_end_2, basic_altar,
          chequers_arboretum, minmay_pentomino_pile

Skill      XL: |  1  2 |
---------------+-------+-----
Spellcasting   | 1 |  1.2
Fighting       | 3 |  3.1
Dodging        | |  2.4
Unarmed Combat | |  3.8

Action                     || total
---------------------------++-------
  Melee: Unarmed           ||    74
         Bite              ||    13
    Use: Potion            ||     2
 Armour: Robe              ||    12
  Dodge: Dodged            ||    46

Table legend: (Time is in decaauts)
 A = Elapsed time spent in this place.
 B = Non-inter-level travel time spent in this place.
 C = Inter-level travel time spent in this place.
 D = Time resting spent in this place.
 E = Time spent auto-exploring this place.
 F = Levels seen in this place.
 G = Mean time per level.
                   A        B        C        D        E       F      G
               +--------+--------+--------+--------+--------+-----+--------+
         Total |    889 |    866 |     23 |      0 |    707 |   2 |  444.5 |
       Dungeon |    889 |    866 |     23 |      0 |    707 |   2 |  444.5 |
               +--------+--------+--------+--------+--------+-----+--------+

Top non-repeatable levels by time:
     D:1: 801 daAuts
     D:2: 87 daAuts
